Map: Catalyst LE

Players

CinDra

  • Race: Zerg Zerg
  • League: Gold
  • Spawn Location: 11:00

SiNA - Winner!

  • Race: Terran Terran
  • League: Gold
  • Spawn Location: 5:00

VOD

Have the link to the VOD?

Description

Time

  • Played on: March 1, 2018, 1:24 p.m.
  • Length: 15:50
Show
View Real Time Build Order
Export as new Build Order

CinDra Zerg 

Build Orders: Hatch First 

Get SALT Encoding   

  12  0:01  Drone  
  13  0:12  Overlord  
  13  0:17  Drone  
  14  0:31  Drone x2  
  16  0:36  Drone  
  17  0:55  Hatchery  
  17  0:56  Drone  
  17  1:08  Extractor, Drone  
  17  1:09  Drone  
  18  1:20  Spawning Pool  
  18  1:24  Drone  
  18  1:29  Drone  
  19  1:39  Overlord  
  19  1:50  Drone  
  20  2:01  Drone  
  20  2:07  Queen  
  20  2:08  Queen  
  23  2:09  Zergling x2  
  23  2:11  Zergling x2  
  27  2:19  Metabolic Boost  
  27  2:20  Zergling x2  
  28  2:23  Drone  
  29  2:35  Drone x2  
  31  2:42  Zergling x2  
  32  2:44  Drone  
  33  3:09  Drone x3, Overlord  
  36  3:16  Overlord x2  
  36  3:27  Queen  
  36  3:31  Queen  
  36  3:33  Zergling x4  
  42  3:35  Hatchery  
  42  3:41  Drone x3  
  43  3:46  Drone x3  
  47  4:03  Pneumatized Carapace  
  47  4:55  Drone x6  
  47  4:56  Drone x3, Overlord  
  47  4:57  Overlord x2  
  47  4:58  Drone  
  57  5:09  Drone x4  
  57  5:13  Extractor  
  60  5:27  Lair  
  60  5:30  Zergling x2, Drone x3  
  60  5:31  Zergling x12  
  64  6:08  Spore Crawler  
  64  6:10  Spore Crawler  
  62  6:13  Spore Crawler  
  61  6:22  Drone  
  61  6:23  Drone x8  
  61  6:24  Zergling x2  
  61  6:25  Zergling x2, Overlord  
  72  6:31  Hydralisk Den  
  71  6:44  Evolution Chamber  
  70  6:47  Evolution Chamber  
  70  6:48  Extractor  
  70  6:52  Drone x3  
  70  6:53  Drone x4  
  70  6:54  Extractor  
  74  6:58  Zergling x2  
  74  6:59  Zergling x14  
  82  7:10  Queen  
  84  7:16  Hatchery  
  84  7:17  Zerg Missile Weapons Level 1, Zerg Ground Armor Level 1  
  83  7:23  Hydralisk x3, Muscular Augments  
  83  7:24  Overlord, Hydralisk x2  
  83  7:26  Hydralisk  
  83  7:27  Drone x3  
  98  7:34  Overlord x3  
  98  7:35  Overlord x2  
  98  8:07  Extractor  
  98  8:08  Extractor, Drone  
  98  8:09  Drone x2  
  98  8:12  Drone  
  100  8:19  Hydralisk x11  
  104  8:21  Overlord x4  
  104  8:22  Zergling x8  
  126  8:28  Baneling Nest  
  125  8:46  Hydralisk x2  
  125  8:47  Overlord x3  
  125  8:48  Zergling x16  
  130  8:49  Zergling x8  
  141  8:56  Overseer x3  
  141  8:57  Overseer  
  125  9:38  Zerg Missile Weapons Level 2  
  125  9:39  Zerg Ground Armor Level 2  
  125  9:40  Hydralisk x4  
  125  9:41  Hydralisk x4  
  125  9:42  Zergling x4  
  125  9:43  Zergling x20  
  153  9:52  Drone x3  
  156  9:53  Drone  
  156  9:56  Centrifical Hooks  
  139  10:28  Drone x10  
  140  10:29  Drone x6  
  107  11:06  Zergling x12  
  107  11:07  Zergling x12  
  115  11:12  Queen  
  115  11:14  Extractor  
  115  11:15  Extractor  
  115  11:16  Lair  
  115  11:20  Infestation Pit  
  114  11:26  Drone x2  
  114  11:27  Drone x2  
  114  11:32  Hydralisk x4  
  126  12:02  Hydralisk x6  
  126  12:03  Hydralisk x7  
  126  12:04  Zergling x2  
  153  12:16  Zergling x6  
  153  12:19  Hive  
  153  12:21  Grooved Spines  
  153  12:22  Hydralisk  
  156  13:22  Hydralisk x6  
  156  13:23  Hydralisk x14  
  196  13:39  Ultralisk Cavern  
  195  13:43  Hydralisk  
  195  13:44  Hydralisk  
  195  13:47  Hatchery  
  198  14:06  Hatchery  
  94  14:31  Zergling x6  
  94  14:32  Zergling x28  
  94  14:33  Zergling x6  
  101  14:53  Hydralisk x4  
  101  14:56  Ultralisk x2  
Show
View Real Time Build Order
Export as new Build Order

SiNA Terran - Winner!

Build Orders: Reaper Expand, Bio Tank 

Get SALT Encoding   

  12  0:01  SCV  
  13  0:13  SCV  
  14  0:19  Supply Depot  
  14  0:25  SCV  
  15  0:33  Refinery  
  15  0:41  SCV  
  16  0:47  Barracks  
  16  0:53  SCV  
  17  1:05  SCV  
  18  1:21  SCV  
  19  1:36  Orbital Command, Reaper  
  20  1:48  Command Center  
  20  1:59  Factory  
  20  2:04  SCV  
  20  2:08  Refinery  
  21  2:18  SCV  
  21  2:21  Barracks Reactor  
  22  2:31  SCV  
  23  3:03  Starport  
  22  3:07  Barracks Tech Lab  
  22  3:08  Hellion x2  
  22  3:09  Orbital Command  
  22  3:11  SCV  
  27  3:23  SCV  
  28  3:30  Supply Depot  
  28  3:31  Hellion x2  
  32  3:37  SCV  
  32  3:39  SCV  
  34  3:43  Viking  
  34  3:45  Marine  
  34  3:47  Stimpack  
  37  3:51  SCV  
  38  4:02  SCV, Supply Depot  
  39  4:03  Marine  
  39  4:04  SCV  
  41  4:16  SCV x2  
  43  4:21  Marine  
  42  4:24  Supply Depot  
  42  4:28  SCV x2  
  38  4:38  Marine  
  38  4:43  Hellion x2, Command Center  
  43  4:54  Barracks  
  43  4:56  Marine  
  43  4:58  Refinery x2  
  44  5:01  SCV x2  
  46  5:18  Barracks  
  46  5:21  Barracks  
  46  5:33  SCV x2  
  48  5:37  Medivac  
  50  5:45  SCV  
  50  5:46  SCV  
  52  6:07  Medivac  
  54  6:20  Barracks Tech Lab, Barracks Reactor x2  
  54  6:28  Marine x2  
  54  6:29  Orbital Command  
  56  6:37  Medivac  
  58  6:44  Siege Tank  
  58  6:46  Marine x2  
  63  6:47  Marauder  
  65  6:56  Engineering Bay  
  65  6:58  SCV  
  65  6:59  Engineering Bay  
  66  7:03  Marine  
  66  7:04  Marine  
  68  7:08  Marine x4  
  68  7:09  Marine  
  68  7:10  SCV  
  68  7:14  Supply Depot  
  68  7:15  Supply Depot  
  74  7:16  Siege Tank  
  74  7:20  Supply Depot  
  77  7:29  Combat Shields  
  77  7:36  SCV, Marine x7  
  85  7:39  Barracks  
  85  7:40  Barracks  
  85  7:44  SCV x2  
  86  7:47  Supply Depot  
  86  7:48  Siege Tank, Supply Depot  
  86  7:51  Medivac  
  92  7:53  Marine x3  
  92  7:54  Marauder  
  97  8:00  Orbital Command  
  97  8:15  Marauder  
  97  8:18  Bunker  
  99  8:22  Missile Turret  
  99  8:24  Siege Tank  
  99  8:26  Marine  
  103  8:32  Marine  
  104  8:34  Barracks Reactor  
  104  8:35  Barracks Reactor  
  104  8:37  Marauder  
  106  8:43  SCV  
  106  8:44  SCV x2  
  109  8:55  SCV  
  109  8:57  Siege Tank  
  109  8:58  Marauder  
  92  9:26  Marine x3, Marauder  
  92  9:27  Marine x7  
  92  9:29  Siege Tank  
  103  9:35  Medivac  
  105  9:44  Marine x5  
  105  9:45  Marine x3  
  113  9:46  SCV x3  
  116  9:58  SCV  
  117  10:08  SCV  
  117  10:09  SCV  
  117  10:11  Siege Tank  
  117  10:12  Marauder  
  117  10:13  Marine x2  
  113  10:21  Marine x3  
  94  10:30  Command Center  
  94  10:31  Refinery  
  94  10:32  Refinery  
  94  10:34  Marauder  
  96  10:36  Marine x6  
  96  10:37  Marine  
  98  10:43  Siege Tank  
  101  10:55  Marine x7, Marauder  
  101  10:56  Marine x3  
  96  11:08  Medivac  
  98  11:12  Marine  
  98  11:13  SCV x3, Marine x4  
  98  11:15  Siege Tank  
  109  11:24  Supply Depot x2  
  109  11:26  Terran Infantry Weapons Level 1, Supply Depot  
  109  11:33  Terran Infantry Armor Level 1  
  109  11:45  Medivac  
  109  11:46  Marauder  
  113  11:47  Siege Tank  
  116  12:05  Marine x3  
  116  12:07  Marauder  
  121  12:13  Refinery  
  121  12:17  Refinery  
  121  12:20  Marine  
  121  12:21  Marine x4  
  121  12:22  Siege Tank, Marine x2  
  131  12:23  Marine x3  
  131  12:28  Marauder  
  135  12:40  Planetary Fortress  
  126  12:50  Marauder  
  128  12:54  Siege Tank, Marine x2  
  128  12:55  Marine x8  
  141  13:11  Marauder  
  141  13:12  Marine x5  
  148  13:29  Armory  
  148  13:45  Supply Depot  
  148  13:51  Supply Depot  
  148  14:07  SCV, Marine x5, Marauder  
  156  14:10  Supply Depot  
  156  14:13  Siege Tank, Marine x2  
  156  14:15  Marine x3  
  164  14:21  SCV  
  158  14:24  Marine  
  158  14:27  Medivac  
  158  14:29  Marauder  
  149  14:31  Marine x2  
  149  14:32  Marine x2  
  149  14:33  SCV  
  150  14:45  Siege Tank  
  153  14:50  Marauder  
  155  14:57  Medivac  
  156  15:11  Marauder  
  141  15:17  Siege Tank  
Tags
 
Composition
Bio Tank
League
GoldGold
Matchup
TvZ
Spawn Locations
Cross Positions
Add a new tag
Caveats
  • Supply blocks, unpowered buildings, or Contaminate may cause inaccurate times.
  • Supply counts are checked every 10 seconds.